 Dungeon Sprint DCSS version 0.27-a0-1301-g128193abf8 (webtiles) character file.

Game seed: 2375431684344183498

2688 mhtbhm the Eclecticist (level 9, -14/46 HPs)
             Began as a Deep Elf Earth Elementalist on June 17, 2021.
             Was a Believer of Vehumet.
             Killed from afar by an efreet (34 damage)
             ... with a fireball
             ... in the Dungeon (Sprint IX: "|||||||||||||||||||||||||||||").
             The game lasted 00:02:15 (1048 turns).

mhtbhm the Eclecticist (DEEE)                       Turns: 1048, Time: 00:02:16

Health: -14/46     AC:  4    Str:  5    XL:     9   Next: 38%
Magic:  2/31       EV: 20    Int: 24    God:    Vehumet [**....]
Gold:   0          SH:  0    Dex: 15    Spells: 25/40 levels left

rFire    . . .     SeeInvis .   a - +2 rapier (holy)
rCold    . . .     Faith    .   (no shield)
rNeg     . . .     Spirit   .   b - +0 robe
rPois    .         Reflect  .   (no helmet)
rElec    .         Harm     .   l - +0 cloak
rCorr    .         Rampage  .   m - +0 pair of gloves
Will     .....     NoTele   +   (no boots)
Stlth    ++++......             (no amulet)
HPRegen  0.15/turn              n - +2 ring of evasion
MPRegen  0.22/turn              p - +2 ring of evasion

@: no status effects
A: no striking features
a: Renounce Religion


You were in the Dungeon.
You worshipped Vehumet.
Vehumet was pleased with you.
You visited 1 branch

Inventory:

Hand Weapons
 a - a +2 rapier of holy wrath (weapon)
Missiles
 i - 13 stones
Armour
 b - a +0 robe (worn)
 l - a +0 cloak (worn)
 m - a +0 pair of gloves (worn)
Jewellery
 n - a +2 ring of evasion (left hand)
 p - a +2 ring of evasion (right hand)
Wands
 k - a wand of iceblast (10)
Scrolls
 h - 2 scrolls of blinking
 j - 2 scrolls of amnesia
Potions
 c - 4 potions of curing
 d - 2 potions of heal wounds
 e - a potion of haste
 f - 4 potions of magic
 g - a potion of berserk rage
 o - a potion of invisibility


   Skills:
 + Level 0.7 Fighting
 + Level 8.4 Dodging
 + Level 7.7 Stealth
 + Level 16.1 Spellcasting
 + Level 1.6 Transmutations
 + Level 15.9 Earth Magic


You had 25 spell levels left.
You knew the following spells:

 Your Spells              Type           Power      Damage    Failure   Level
a - Sandblast             Erth           100%       2d20      0%          1
b - Passwall              Tmut/Erth      47%        N/A       1%          2
c - Stone Arrow           Conj/Erth      100%       3d13      1%          3
d - Lee's Rapid Deconstr  Erth           38%        3d20*     1%          5
e - Petrify               Tmut/Erth      57%        N/A       1%          4

Your spell library contained the following spells:

 Spells                   Type           Power      Damage    Failure   Level
 Static Discharge         Conj/Air       19%        N/A       4%          2


Dungeon Overview and Level Annotations

Branches:
Dungeon (1/1)

Altars:
Cheibriados
Dithmenos
Elyvilon
Fedhas
Gozag
Hepliaklqana
Kikubaaqudgha
Makhleb
Nemelex Xobeh
Okawaru
Qazlal
Ru
Sif Muna
Trog
Uskayaw
Vehumet
Wu Jian
Xom
Yredelemnul
Zin
The Shining One
Beogh
Jiyva
Lugonu


Message History

The blast of rock fragments hits the two-headed ogre!!!
You kill the two-headed ogre!
Vehumet accepts your kill.
Your Dodging skill increases to level 8!
Your Spellcasting skill increases to level 15!
Your Earth Magic skill increases to level 15!
You have reached level 9!
Your experience leads to an increase in your attributes!
Increase (S)trength, (I)ntelligence, or (D)exterity?
You feel clever.
Unknown command.
Casting: Lee's Rapid Deconstruction (safe; 1% risk of failure)
Confirm with . or Enter, or press ? or * to list all spells.
Aiming: Lee's Rapid Deconstruction (safe; 1% risk of failure)
Press: ? - help, Dir - move target, p - manticore An open door.
The stone door frame shatters!
The blast of rock fragments hits the manticore!!
You kill the manticore!
Vehumet accepts your kill.
The blast of rock fragments hits the efreet!!
The efreet is heavily wounded.
The efreet gestures at you.
The fireball explodes!
The fireball engulfs you!!
Ouch! That really hurt!
Your Spellcasting skill increases to level 16!
Unknown command.
Unknown command.
Unknown command.
Casting: Lee's Rapid Deconstruction (safe; 1% risk of failure)
Confirm with . or Enter, or press ? or * to list all spells.
Aiming: Sandblast (safe; 0% risk of failure)
Press: ? - help, Shift-Dir - straight line, f - efreet
Aim: an efreet, wielding a +0 scimitar of flaming (heavily wounded, 94% to hit)
The blast of sand hits the efreet!
The efreet is severely wounded.
The efreet gestures at you.
The fireball explodes!
The fireball engulfs you!!
Ouch! That really hurt!
You die...

▓[▓
▓.▓
▓.▓
▓'▓
▓.▓
▓.▓
▓.▓
▓.▓
▓@▓
▓.▓
▓'▓
▓R▓
▓○▓
▓D▓
▓.▓
▓T▓
▓.▓


You could see a troll, an efreet and an acid dragon.

Vanquished Creatures
  2 two-headed ogres (D)
  A manticore (D)
  An unseen horror (D)
  A troll (D)
  A slime creature (D)
  A yak (D)
  A sky beast (D)
  An ogre (D)
  A phantom (D)
  A hound (D)
  2 adder zombies (D)
  2 dart slugs (D)
  An endoplasm (D)
  A goblin (D)
  A giant cockroach zombie (D)
  A kobold (D)
19 creatures vanquished.

Notes
Turn   | Place    | Note
-------+----------+-------------------------------------------
     0 | D        | mhtbhm the Deep Elf Earth Elementalist began the quest for
                  | the Orb.
     0 | D        | Reached XP level 1. HP: 10/10 MP: 6/6
    19 | D        | Reached XP level 2. HP: 9/15 MP: 0/8
   228 | D        | Noticed a phantom
   228 | D        | Noticed an ogre
   228 | D        | Noticed a sky beast
   231 | D        | Killed a phantom
   232 | D        | Reached skill level 6 in Spellcasting
   232 | D        | Reached XP level 3. HP: 9/19 MP: 5/12
   232 | D        | Reached XP level 4. HP: 12/24 MP: 5/14
   239 | D        | Killed an ogre
   240 | D        | Reached skill level 5 in Dodging
   240 | D        | Reached skill level 7 in Spellcasting
   240 | D        | Reached XP level 5. HP: 28/28 MP: 4/17
   241 | D        | Reached skill level 5 in Stealth
   241 | D        | Reached skill level 8 in Spellcasting
   241 | D        | Killed a sky beast
   242 | D        | Reached skill level 9 in Spellcasting
   242 | D        | Reached skill level 10 in Earth Magic
   242 | D        | Reached XP level 6. HP: 32/32 MP: 2/20
   453 | D        | Found a snail-covered altar of Cheibriados.
   453 | D        | Found a shadowy altar of Dithmenos.
   453 | D        | Found a white marble altar of Elyvilon.
   453 | D        | Found a blossoming altar of Fedhas.
   453 | D        | Found an opulent altar of Gozag.
   454 | D        | Found a hazy altar of Hepliaklqana.
   455 | D        | Found a viscous altar of Jiyva.
   456 | D        | Found an ancient bone altar of Kikubaaqudgha.
   457 | D        | Found a corrupted altar of Lugonu.
   458 | D        | Found a burning altar of Makhleb.
   459 | D        | Found a sparkling altar of Nemelex Xobeh.
   460 | D        | Found an iron altar of Okawaru.
   461 | D        | Found a stormy altar of Qazlal.
   462 | D        | Found a sacrificial altar of Ru.
   463 | D        | Found a shimmering blue altar of Sif Muna.
   464 | D        | Found a bloodstained altar of Trog.
   465 | D        | Found a hide-covered altar of Uskayaw.
   466 | D        | Found a radiant altar of Vehumet.
   467 | D        | Found an ornate altar of the Wu Jian Council.
   468 | D        | Found a shimmering altar of Xom.
   469 | D        | Found a basalt altar of Yredelemnul.
   470 | D        | Found a glowing silver altar of Zin.
   471 | D        | Found a glowing golden altar of the Shining One.
   474 | D        | Became a worshipper of Vehumet
   479 | D        | Learned a level 2 spell: Passwall
   483 | D        | Learned a level 3 spell: Stone Arrow
   489 | D        | Learned a level 5 spell: Lee's Rapid Deconstruction
   494 | D        | Learned a level 4 spell: Petrify
   544 | D        | Noticed a yak
   544 | D        | Noticed a troll
   544 | D        | Noticed a two-headed ogre
   548 | D        | Killed a yak
   549 | D        | Reached skill level 10 in Spellcasting
   561 | D        | Killed a troll
   561 | D        | Reached * piety under Vehumet
   561 | D        | Offered knowledge of Magic Dart by Vehumet.
   562 | D        | Reached skill level 11 in Spellcasting
   562 | D        | Reached XP level 7. HP: 36/36 MP: 9/23
   589 | D        | Killed a two-headed ogre
   590 | D        | Reached skill level 13 in Spellcasting
   590 | D        | Reached XP level 8. HP: 38/41 MP: 2/27
   849 | D        | Killed an unseen horror
   849 | D        | Reached ** piety under Vehumet
  1041 | D        | Noticed a slime creature
  1041 | D        | Noticed a manticore
  1041 | D        | Noticed a two-headed ogre
  1041 | D        | Noticed an efreet
  1041 | D        | Noticed a troll
  1045 | D        | Killed a slime creature
  1045 | D        | Offered knowledge of Static Discharge by Vehumet.
  1046 | D        | Reached skill level 14 in Spellcasting
  1046 | D        | Killed a two-headed ogre
  1047 | D        | Reached skill level 15 in Spellcasting
  1047 | D        | Reached skill level 15 in Earth Magic
  1047 | D        | Reached XP level 9. HP: 46/46 MP: 7/30
  1047 | D        | Killed a manticore
  1048 | D        | Reached skill level 16 in Spellcasting
  1048 | D        | Killed from afar by an efreet

Illustrated notes

Levels and vault maps discovered:
D:        linesprint [early_d, line_temple, items_1, d_10, items_2, lair_1,
          lair_end, items_3, orc_1, orc_end, items_4, d_15, swamp_1, shoals_1,
          snake_1, spider_1, d_20, vaults_1, items_5, swamp_end, shoals_end,
          snake_end, spider_end, vaults_end, d_27, items_6, zot_1, zot_end,
          crypt_end, forest_end, elf_end, slime_end, tomb_end, abyss_end,
          pan_hell_end]

Skill      XL: |  1  2  3  4  5  6  7  8  9 |
---------------+----------------------------+-----
Dodging        | 3 4 5 6 7 8 |  8.4
Earth Magic    | 4 7 9 10 12 13 15 | 15.9
Stealth        | 4 5 6 7 |  7.7
Spellcasting   | 6 7 9 11 13 15 16 | 16.1
Fighting       | |  0.7
Transmutations | |  1.6

Action                   |  1- 3 |  4- 6 |  7- 9 || total
-------------------------+-------+-------+-------++-------
Melee: Unarmed           |     8 |       |       ||     8
 Cast: Sandblast         |     8 |     7 |     5 ||    20
       Lee's Rapid Decon |       |     2 |     9 ||    11
  Use: Potion            |       |     1 |     1 ||     2
Armor: Robe              |     2 |       |     5 ||     7
Dodge: Dodged            |     5 |     1 |     9 ||    15

Table legend: (Time is in decaauts)
 A = Elapsed time spent in this place.
 B = Non-inter-level travel time spent in this place.
 C = Inter-level travel time spent in this place.
 D = Time resting spent in this place.
 E = Time spent auto-exploring this place.
 F = Levels seen in this place.
 G = Mean time per level.
                   A        B        C        D        E       F      G
               +--------+--------+--------+--------+--------+-----+--------+
         Total |   1046 |   1046 |      0 |    770 |     73 |   1 | 1046.0 |
       Dungeon |   1046 |   1046 |      0 |    770 |     73 |   1 | 1046.0 |
               +--------+--------+--------+--------+--------+-----+--------+

Top non-repeatable levels by time:
       D: 1046 daAuts
